Map: 亚历山大港 - 天梯版

Players

Scarlett - Winner!

  • Race: Zerg Zerg
  • League: Diamond

DnS

  • Race: Protoss Protoss

Event: WESG 2018 Grand Finals

VOD

Have the link to the VOD?

Description

Time

  • Played on: March 12, 2019, 3:34 a.m.
  • Length: 10:22

All games in this series

Show
View Real Time Build Order
Export as new Build Order

Scarlett Zerg - Winner!

Build Orders: 3 Hatch before Pool, Ravager All-In 

Get SALT Encoding   

  12  0:00  Drone  
  13  0:13  Overlord  
  13  0:18  Drone  
  14  0:31  Drone  
  14  0:32  Drone  
  16  0:49  Hatchery  
  15  0:52  Drone  
  15  0:56  Drone  
  17  1:00  Drone  
  18  1:24  Hatchery  
  17  1:31  Drone  
  19  1:33  Spawning Pool, Extractor  
  19  1:37  Drone x2  
  19  1:54  Drone  
  20  1:56  Overlord  
  20  2:19  Queen  
  20  2:21  Roach Warren  
  20  2:22  Zergling x4  
  23  2:35  Metabolic Boost  
  23  2:36  Zergling x4  
  26  2:43  Hatchery  
  25  2:48  Drone  
  26  2:55  Queen  
  28  3:04  Overlord  
  27  3:07  Extractor  
  26  3:13  Drone  
  26  3:19  Drone  
  28  3:25  Spine Crawler  
  27  3:30  Drone  
  27  3:33  Queen  
  30  3:35  Overlord  
  30  3:37  Zergling x4  
  32  3:59  Queen, Zergling x2  
  32  4:01  Roach x2  
  42  4:10  Roach x3  
  44  4:21  Overlord  
  44  4:22  Zergling x2  
  45  4:26  Ravager x2  
  47  4:31  Ravager  
  47  4:32  Ravager  
  49  4:46  Ravager  
  49  4:47  Queen  
  52  4:56  Roach x2  
  56  5:05  Zergling x6  
  59  5:17  Overlord x2  
  59  5:19  Ravager  
  60  5:33  Overlord  
  60  5:41  Roach x2  
  64  5:43  Roach  
  66  5:55  Ravager  
  66  5:56  Zergling x6  
  70  6:08  Ravager x2  
  70  6:10  Roach x2  
  76  6:15  Zergling x2  
  72  6:39  Zergling x8  
  74  6:42  Zergling x6  
  64  6:59  Zergling x10  
  49  7:10  Zergling x2  
  45  7:20  Zergling x4  
  46  7:25  Queen  
  45  7:43  Zergling x4  
  45  7:44  Zergling x6  
  50  7:55  Queen  
  52  8:10  Drone x4  
  52  8:11  Overlord  
  56  8:31  Drone x5  
  58  8:42  Drone  
  58  8:43  Drone x3  
  62  8:59  Queen  
  62  9:00  Queen  
  62  9:01  Spore Crawler  
  64  9:15  Drone x9  
  60  9:34  Hatchery  
  60  9:35  Queen  
  61  9:40  Zergling x10  
  66  9:46  Queen  
  66  9:52  Zergling x8  
  72  9:58  Spore Crawler  
  71  10:06  Drone x5  
  75  10:17  Spore Crawler  
Show
View Real Time Build Order
Export as new Build Order

DnS Protoss 

Build Orders:  

Get SALT Encoding   

  12  0:00  Probe  
  13  0:12  Probe  
  14  0:19  Pylon  
  14  0:24  Probe  
  15  0:33  Probe  
  15  0:40  Forge  
  15  0:41  Probe  
  17  1:01  Pylon  
  17  1:14  Pylon  
  17  1:15  Pylon  
  17  1:20  Photon Cannon  
  17  1:24  Gateway  
  17  1:30  Photon Cannon  
  17  1:33  Probe  
  17  1:36  Assimilator  
  18  1:44  Assimilator  
  18  1:46  Probe  
  19  1:58  Probe  
  20  2:02  Pylon  
  20  2:03  Zealot  
  20  2:10  Probe  
  20  2:13  Cybernetics Core  
  23  2:23  Photon Cannon  
  23  2:27  Probe  
  24  2:31  Assimilator  
  24  2:39  Stalker  
  26  2:55  Robotics Facility  
  26  2:56  Shield Battery  
  26  2:58  Pylon  
  24  3:06  Warp Gate  
  24  3:08  Probe  
  25  3:16  Robotics Facility  
  25  3:24  Stalker  
  25  3:26  Shield Battery  
  27  3:39  Shield Battery  
  27  3:41  Shield Battery  
  27  3:52  Immortal  
  27  4:00  Photon Cannon  
  31  4:20  Pylon  
  31  4:24  Warp Prism  
  31  4:35  Photon Cannon  
  31  4:48  Shield Battery  
  31  4:56  Shield Battery, Immortal  
  31  5:04  Shield Battery  
  33  5:17  Shield Battery  
  33  5:19  Pylon  
  33  5:33  Sentry, Immortal  
  39  6:02  Gateway  
  39  6:08  Immortal  
  39  6:11  Stalker  
  42  6:38  Stalker  
  38  6:41  Warp Prism  
  38  6:56  Zealot  
  38  7:01  Zealot  
  30  7:19  Zealot  
  34  7:26  Zealot  
  28  7:45  Stargate  
  28  7:46  Stargate  
  28  7:49  Sentry  
  30  8:10  Shield Battery  
  30  8:11  Photon Cannon  
  30  8:12  Pylon  
  30  8:14  Pylon  
  30  8:25  Oracle  
  34  8:35  Oracle  
  36  8:43  Stalker  
  36  9:15  Zealot  
  37  9:33  Pylon  
  37  9:42  Nexus, Oracle  
  37  9:51  Probe  
  38  9:57  Pylon  
Tags
 
Add a new tag
Caveats
  • Supply blocks, unpowered buildings, or Contaminate may cause inaccurate times.
  • Supply counts are checked every 10 seconds.